 Dungeon Crawl Stone Soup version 0.27.1-2-g3b301248ec (webtiles) character file.

Game seed: 977340472879243216

406 nxtlvl the Firebug (level 7, 46/46 HPs)
             Began as a Formicid Fire Elementalist on Sept 23, 2021.
             Was an Initiate of Cheibriados.
             Quit the game on level 13 of the Dungeon.
             The game lasted 00:20:22 (1712 turns).

nxtlvl the Firebug (Formicid Fire Elementalist)     Turns: 1712, Time: 00:20:23

Health: 46/46      AC:  5    Str: 13    XL:     7   Next: 12%
Magic:  7/11       EV: 10    Int: 18    God:    Cheibriados [......]
Gold:   108        SH:  0    Dex: 12    Spells: 7/12 levels left

rFire    . . .     SeeInvis +   a - +0 dagger
rCold    . . .     Faith    .   (no shield)
rNeg     . . .     Spirit   .   c - +0 ring mail
rPois    .         Reflect  .   (helmet unavailable)
rElec    .         Harm     .   (no cloak)
rCorr    .         Rampage  .   (no gloves)
Will     .....                  (no boots)
Stlth    +.........             (no amulet)
HPRegen  0.15/turn              (no ring)
MPRegen  0.12/turn              (no ring)

@: very slow
A: permanent stasis, dig shafts and tunnels, antennae 3, four strong arms
a: Dig, Shaft Self, Renounce Religion, Bend Time


You were on level 13 of the Dungeon.
You worshipped Cheibriados.
Cheibriados was noncommittal.
You visited 2 branches of the dungeon, and saw 10 of its levels.

You collected 108 gold pieces.

Inventory:

Hand Weapons
 a - a +0 dagger (weapon)
 q - a +0 club
Missiles
 s - a throwing net
Armour
 c - a +0 ring mail (worn)
Magical Staves
 d - a staff of poison
Jewellery
 o - an amulet of guardian spirit
Wands
 p - a wand of digging (7)
Scrolls
 g - 3 scrolls of immolation {unknown}
 j - a scroll of blinking {unknown}
 k - a scroll of amnesia {unknown}
 m - 2 scrolls of enchant armour {unknown}
 n - 2 scrolls of enchant weapon {unknown}
 r - a scroll of noise {unknown}
Potions
 b - a potion of mutation
 e - a potion of curing
 f - 2 potions of attraction {unknown}
 h - a potion of cancellation {unknown}
 i - a potion of berserk rage {unknown}
 l - a potion of might {unknown}
 t - a potion of heal wounds {unknown}


   Skills:
 - Level 1.7 Dodging
 - Level 2.4 Stealth
 + Level 3.2 Spellcasting
 * Level 4.0 Conjurations
 * Level 5.4 Fire Magic


You had 7 spell levels left.
You knew the following spells:

 Your Spells              Type           Power      Damage    Failure   Level
x - Sticky Flame          Conj/Fire      20%        2d4       45%         4
z - Foxfire               Conj/Fire      80%        2x1d8     4%          1

Your spell library contained the following spells:

 Spells                   Type           Power      Damage    Failure   Level
 Conjure Flame            Conj/Fire      20%        6-21      16%         3
 Inner Flame              Hex/Fire       12%        N/A       34%         3
 Fireball                 Conj/Fire      10%        3d6       80%         5


Dungeon Overview and Level Annotations

Branches:
Dungeon (11/15)            Temple (1/1) D:4
   Lair: D:8-11         Orc: D:9-12

Altars:
Ashenzari
Cheibriados
Dithmenos
Fedhas
Hepliaklqana
Makhleb
Okawaru
Qazlal
Xom
Yredelemnul
Zin

Annotations:
D:3 3 runed translucent doors, Woods's ghost, amateur DsFi; nxtlvl's ghost, weakling MiTm
D:6 Maggie
D:9 1 runed translucent door, exclusion: orange crystal statue
D:11 Erolcha


Innate Abilities, Weirdness & Mutations

You cannot be hasted, slowed, berserked, paralysed or teleported.
You can dig through walls and to a lower floor.
You have a pair of large antennae on your head. (SInv)
Your four strong arms can wield two-handed weapons with a shield.


Message History

You feel your power leaking away. The wyvern barely misses you.
Your magical contamination has completely faded away.
The wyvern barely misses you.
Okay, then.
Are you sure you want to shaft yourself?
The wyvern bites you.
You begin to dig a shaft.
You continue digging a shaft.
The wyvern bites you. The wyvern misses you. A shaft appears beneath you!
You fall into a shaft and drop 2 floors!
The shaft crumbles and collapses.
Unknown command.
Found 19 gold pieces.
You now have 108 gold pieces (gained 19).
Found a fuming golden potion.
Found a dagger.
t - a fuming golden potion
Found a potion of curing.
Found a pearl ring.
Okay, then.
A yak comes into view.
Found a stone staircase leading up.
The yak bellows!
You hear a bellow!
A yak comes into view.
Erolcha the Cunning comes into view.
She is wielding a +0 giant spiked club.
Erolcha shouts!
Erolcha mumbles some strange words.
Erolcha flickers and vanishes for a moment.
A two-headed ogre comes into view.
It is wielding a +0 giant club and a +0 dire flail.
Are you sure you want to shaft yourself?
The two-headed ogre shouts in stereo!
You begin to dig a shaft.
You continue digging a shaft.
A shaft appears beneath you!
You fall into a shaft and drop 2 floors!
The shaft crumbles and collapses.
You hear a distant snort.
Hark!
There is a gateway to a gauntlet on this level.
Find the entrance quickly before the gate is sealed!
Found a plate armour.
Found a stone staircase leading up.
Are you sure you want to abandon this character and quit the game? (Confirm with "yes".)

########
.....[.#
#......#
#......#
#......+
#......#
#@.....#
#..<...#
#......#
#......#
.......#
########


There were no monsters in sight!

Vanquished Creatures
  2 sky beasts
  A kobold brigand (D:6)
  Natasha (D:2)
  4 adders
  2 adder skeletons
  A worm (D:3)
  2 dart slugs
  10 orcs (D:3)
  9 ball pythons
  4 endoplasms
  5 giant cockroaches (D:1)
  8 hobgoblins
  A jackal (D:3)
  4 kobolds
  3 quokkas
  3 bats
  A frilled lizard (D:1)
  6 goblins
  4 rats
71 creatures vanquished.

Vanquished Creatures (others)
  206 foxfires
  2 plants (D:2)
208 creatures vanquished.

Grand Total: 279 creatures vanquished

Notes
Turn   | Place    | Note
-------+----------+-------------------------------------------
     0 | D:1      | nxtlvl the Formicid Fire Elementalist began the quest for
                  | the Orb.
     0 | D:1      | Reached XP level 1. HP: 13/13 MP: 3/3
    10 | D:1      | Reached skill level 1 in Conjurations
    73 | D:2      | Reached XP level 2. HP: 19/19 MP: 0/5
   297 | D:1      | Reached XP level 3. HP: 17/24 MP: 0/6
   411 | D:1      | Found a faded altar of an unknown god.
   571 | D:2      | Noticed Natasha
   576 | D:2      | Killed Natasha
   577 | D:2      | Reached skill level 4 in Fire Magic
   577 | D:2      | Reached XP level 4. HP: 30/30 MP: 3/7
   804 | D:3      | Found a runed translucent gate.
   804 | D:3      | Found a runed translucent gate.
   805 | D:3      | Found a runed translucent gate.
   806 | D:3      | Noticed nxtlvl's ghost (weakling MiTm)
   806 | D:3      | Noticed Woods's ghost (amateur DsFi)
   882 | D:3      | Reached XP level 5. HP: 35/35 MP: 0/8
   890 | D:3      | Learned a level 4 spell: Sticky Flame
   914 | D:3      | Noticed a sky beast
   996 | D:3      | Killed a sky beast
  1041 | D:3      | Reached XP level 6. HP: 20/41 MP: 4/10
  1388 | D:4      | Found a staircase to the Ecumenical Temple.
  1397 | Temple   | Entered the Ecumenical Temple
  1418 | Temple   | Became a worshipper of Cheibriados the Contemplative
  1478 | D:5      | Entered Level 5 of the Dungeon
  1516 | D:5      | Reached skill level 5 in Fire Magic
  1590 | D:6      | Noticed a sky beast
  1596 | D:6      | Killed a sky beast
  1603 | D:6      | Noticed a water moccasin
  1652 | D:6      | Noticed Maggie
  1654 | D:6      | Reached XP level 7. HP: 46/46 MP: 2/11
  1656 | D:6      | You fall into a shaft and drop 3 floors!
  1656 | D:9      | Noticed an orange crystal statue
  1656 | D:9      | Noticed a wyvern
  1656 | D:9      | Found a runed translucent door.
  1663 | D:9      | You fall into a shaft and drop 2 floors!
  1663 | D:11     | Noticed a boulder beetle
  1702 | D:11     | Noticed a yak
  1702 | D:11     | Noticed a yak
  1708 | D:11     | Noticed Erolcha
  1708 | D:11     | Noticed a two-headed ogre
  1711 | D:11     | You fall into a shaft and drop 2 floors!
  1712 | D:13     | Quit the game

Illustrated notes

Levels and vault maps discovered:
D:1:      ncdulo_wetmaze, layout_loops_cross,
          hellmonk_ecumenical_altar_prayer_group
D:2:      layout_rooms, serial_bayou, serial_bayou_pond_c, serial_bayou_shore_a,
          serial_bayou_lake_a, serial_bayou_pond_b, serial_bayou_shore_b,
          uniq_natasha
D:3:      minmay_octagon_keep, layout_basic, gammafunk_ghost_cemetery,
          kennysheep_cross_room
D:4:      layout_layer_cave, minmay_temple_entry_water_ring, eino_curves_02
D:5:      layout_loops_corners, roderic_serpentine_path
D:6:      layout_loops_corners, ebering_ghost_reflecting_pool,
          uniq_blork_the_orc, uniq_maggie
D:9:      layout_loops_ring, chequers_hall_statues_y,
          minmay_statue_crystal_thing
D:11:     statuecave_lemuel, layout_small_grid, grunt_potential, uniq_erolcha,
          uniq_sonja, uniq_erica
D:13:     layout_irregular_city, grunt_vaults_entry_fortified,
          gauntlet_entry_generic
Temple:   nicolae_temple_the_god_donut

Skill      XL: |  1  2  3  4  5  6 |
---------------+-------------------+-----
Conjurations   | 1 2 3 4 |  4.0
Fire Magic     | 4 5 |  5.4
Spellcasting   | 3 |  3.2
Dodging        | |  1.7
Stealth        | |  2.4

Action                   |  1- 3 |  4- 6 |  7- 9 || total
-------------------------+-------+-------+-------++-------
Melee: Unarmed           |     1 |       |       ||     1
       Dagger            |    14 |    17 |       ||    31
 Cast: Foxfire           |    42 |    82 |       ||   124
 Abil: Dig               |    19 |     6 |       ||    25
       Shaft Self        |       |       |     3 ||     3
  Use: Scroll            |       |     2 |       ||     2
Armor: Leather armour    |     5 |       |       ||     5
       Ring mail         |       |    12 |       ||    12
Dodge: Dodged            |     7 |    21 |     3 ||    31
